 Dungeon Crawl Stone Soup version 0.31-a0-152-g6aa68a64a1 (webtiles) character file.

Game seed: 3493027692949947970

576 qw the Shooter (level 7, 0/64 HPs)
             Began as a Minotaur Hunter on June 9, 2023.
             Slain by a water moccasin (6 damage)
             ... on level 5 of the Dungeon.
             The game lasted 00:01:01 (1942 turns).

qw the Shooter (Minotaur Hunter)                    Turns: 1942, Time: 00:01:01

Health: 0/64       AC:  5    Str: 15    XL:     7   Next: 12%
Magic:  6/6        EV: 11    Int:  6    God:
Gold:   127        SH:  0    Dex: 16    Spells: 6/6 levels left

rFire   . . .        Y - +0 shortbow
rCold   . . .        (shield currently unavailable)
rNeg    . . .        a - +0 ring mail
rPois   .            (helmet restricted)
rElec   .            (no cloak)
rCorr   .            (no gloves)
SInv    .            (no boots)
Will    .....        (no amulet)
Stlth   +            (no ring)
HPRegen 0.30/turn    (no ring)
MPRegen 0.10/turn

%: no passive effects
@: lethally poisoned (0 -> -16)
A: horns 2, retaliatory headbutt
a: no special abilities


You were on level 5 of the Dungeon.
You visited 1 branch of the dungeon, and saw 4 of its levels.
You also visited: Sewer.

You collected 127 gold pieces.


Innate Abilities, Weirdness & Mutations

You have a pair of horns on your head.
You reflexively headbutt those who attack you in melee.


   Skills:
 - Level 6.4 Fighting
 + Level 7.2 Ranged Weapons
 - Level 2.4 Armour
 - Level 2.1 Dodging
 - Level 0.7 Stealth


You had 6 spell levels left.
You didn't know any spells.
Your spell library was empty.

Inventory:

Hand Weapons
 Y - a +0 shortbow (weapon)
Armour
 a - a +0 ring mail (worn)
Potions
 b - a potion of haste {unknown}
 c - a potion of curing
 e - a potion of attraction {unknown}

Dungeon Overview and Level Annotations

Branches:
Dungeon (5/15)              Sewer (visited)
 Temple: D:4-7

Altars:

Annotations:
D:5 Menkaure


Message History

The water moccasin closely misses you.
You feel sick. The water moccasin bites you.
You are lethally poisoned!
The water moccasin poisons you!
You shoot an arrow.
The arrow closely misses the water moccasin.
The arrow hits the ball python.
The ball python is moderately wounded.
You feel very sick.
The water moccasin completely misses you.
You furiously retaliate!
You headbutt the water moccasin.
1939 ||| DRINKING potion of heal wounds.
You feel much better.
You feel very sick. The water moccasin bites you.
You are more poisoned.
The water moccasin poisons you! The water moccasin bites you.
You are lethally poisoned!
The water moccasin poisons you!
You shoot an arrow.
The arrow barely misses the water moccasin.
The arrow hits the ball python but does no damage.
The ball python is moderately wounded.
You feel extremely sick.
The water moccasin completely misses you.
You furiously retaliate!
You headbutt the water moccasin. You shoot an arrow.
The arrow hits the water moccasin.
The water moccasin is almost dead.
You feel extremely sick. The water moccasin barely misses you.
The water moccasin closely misses you.
Menkaure casts a spell.
Menkaure seems to speed up.
You shoot an arrow.
The arrow barely misses the water moccasin.
The arrow hits the ball python.
You kill the ball python!
You feel very sick.
The water moccasin bites you but does no damage.
The water moccasin bites you.
You die...

...# #~~~~.#
.... #~~~..#
..<..####~....#
#.......#####
#.#####.# #.#
#.# #.# #@# #S#
#...hh......#
#.........###.#
#M#..##.#.# #..
#.#.# .>. ....#
### #.. # ...


You could see a water moccasin and 2 jackals.

Vanquished Creatures
  Grinder (D:3)
  A kobold brigand (Sewer)
  A scorpion (D:5)
  An orc priest (D:3)
  An iguana (D:5)
  Terence (D:3)
  An orc wizard (D:3)
  A gnoll (D:1)
  4 adders (D:2)
  A river rat (Sewer)
  A worm (D:5)
  2 dart slugs
  4 orcs (D:3)
  3 endoplasms (D:1)
  5 giant cockroaches
  5 goblins
  6 hobgoblins
  12 jackals
  8 kobolds
  3 quokkas
  5 ball pythons
  2 bats (D:2)
  2 frilled lizards
  7 rats
78 creatures vanquished.

Notes
Turn   | Place    | Note
-------+----------+-------------------------------------------
     0 | D:1      | qw the Minotaur Hunter began the quest for the Orb.
     0 | D:1      | Reached XP level 1. HP: 18/18 MP: 0/0
     0 | D:1      | 0 ||| qw: Version: 0.2-a-122-gbc61b45
     0 | D:1      | 0 ||| qw: Game counter: 3375
     0 | D:1      | 0 ||| qw: Always use a shield: true
     0 | D:1      | 0 ||| qw: God list: Okawaru
     0 | D:1      | 0 ||| qw: Allow faded altars: false
     0 | D:1      | 0 ||| qw: Do Orc after D:15 true
     0 | D:1      | 0 ||| qw: Do second Lair branch before Depths: true
     0 | D:1      | 0 ||| qw: Lair rune preference: random
     0 | D:1      | 0 ||| qw: Plans: Normal
     0 | D:1      | 0 ||| PLANNING D:1-11
   268 | D:1      | Found a faded altar of an unknown god.
   272 | D:1      | Reached XP level 2. HP: 23/25 MP: 1/1
   278 | D:1      | Reached skill level 5 in Ranged Weapons
   559 | D:1      | Reached skill level 3 in Fighting
   628 | D:1      | Reached XP level 3. HP: 27/31 MP: 2/2
   693 | D:1      | 693 ||| READING scroll labelled QATONI AFONNUESK.
   694 | D:1      | 694 ||| READING scroll labelled XUOSUN POUVIONT.
   748 | D:1      | 748 ||| DROPPING scroll of butterflies.
   916 | D:2      | 916 ||| FLEEEEING.
   917 | D:2      | 917 ||| FLEEEEING.
   918 | D:2      | 918 ||| FLEEEEING.
   925 | D:2      | Reached XP level 4. HP: 35/38 MP: 3/3
   945 | D:2      | Reached skill level 6 in Ranged Weapons
  1127 | D:2      | 1127 ||| READING scroll labelled SITETUOWNUQ.
  1128 | D:2      | 1128 ||| READING scroll labelled FEZOEN NUOC.
  1129 | D:2      | 1129 ||| DRINKING 2 brown potions.
  1135 | D:2      | 1135 ||| DROPPING potion of ambrosia.
  1150 | D:3      | 1150 ||| STAIRDANCE
  1186 | D:3      | Noticed Grinder
  1198 | D:3      | Killed Grinder
  1199 | D:3      | Reached skill level 6 in Fighting
  1199 | D:3      | Reached XP level 5. HP: 36/51 MP: 4/4
  1199 | D:3      | Reached XP level 6. HP: 42/58 MP: 5/5
  1411 | D:3      | Noticed Terence
  1430 | D:3      | Killed Terence
  1555 | D:3      | You fall into a shaft and drop 2 floors!
  1555 | D:5      | Entered Level 5 of the Dungeon
  1559 | D:5      | 1559 ||| PLANNING SEWER
  1605 | D:5      | Reached skill level 7 in Ranged Weapons
  1647 | D:5      | Found a glowing drain.
  1648 | D:5      | 1648 ||| UPGRADING to +0 ring mail.
  1658 | D:5      | 1658 ||| DROPPING +0 leather armour.
  1665 | Sewer    | Entered a sewer
  1708 | Sewer    | 1708 ||| Stepping ~*~*~tactically~*~*~ (water).
  1727 | Sewer    | Reached XP level 7. HP: 46/64 MP: 6/6
  1813 | Sewer    | Found a white marble altar of Elyvilon.
  1916 | D:5      | 1916 ||| PLANNING OSSUARY
  1936 | D:5      | Noticed Menkaure
  1937 | D:5      | 1937 ||| Stepping ~*~*~tactically~*~*~ (outnumbered).
  1938 | D:5      | HP: 14/64 [poisoned by a water moccasin]
  1939 | D:5      | 1939 ||| DRINKING potion of heal wounds.
  1942 | D:5      | HP: 6/64 [poisoned by a water moccasin]
  1942 | D:5      | Slain by a water moccasin

Levels and vault maps discovered:
D:1:      erik_arrival_triangle_small, layout_basic, basic_ecumenical_altar
D:2:      layout_rooms, chequers_serial_rivers_small_b
D:3:      layout_basic, mainiacjoe_overflow_catch_the_wave, uniq_terence,
          uniq_grinder
D:5:      layout_loops_ring, lightli_ossuary_entry_decrepit_ruins, serial_shops,
          shop, portal_sewer_entry_b, nicolae_grassy_gnolls, uniq_eustachio,
          uniq_menkaure, uniq_edmund

Skill      XL: |  1  2  3  4  5  6 |
---------------+-------------------+-----
Ranged Weapons | 5 6 7 |  7.2
Fighting       | 3 6 |  6.4
Armour         | 2 |  2.4
Dodging        | |  2.1
Stealth        | |  0.7

Action                     |  1- 3 |  4- 6 |  7- 9 || total
---------------------------+-------+-------+-------++-------
   Fire: Shortbow          |    73 |   169 |    20 ||   262
    Use: Scroll            |     2 |     2 |       ||     4
         Potion            |       |     1 |     1 ||     2
 Armour: Leather armour    |     8 |    16 |       ||    24
         Ring mail         |       |     4 |     4 ||     8
  Dodge: Dodged            |    21 |    48 |    18 ||    87

Table legend:
 A = Non-vault XP
 B = Vault XP
 C = Vault XP percentage of total XP
 D = Non-vault monster count
 E = Vault monster count
 F = Vault count percentage of total count
                 A         B        C        D         E       F
            +---------+---------+-------+---------+---------+-------
      Total |     362 |     462 |  56.1 |      57 |      21 |  26.9
            +---------+---------+-------+---------+---------+-------
        D:1 |      51 |       0 |   0.0 |      22 |       0 |   0.0
        D:2 |      79 |       0 |   0.0 |      18 |       0 |   0.0
        D:3 |     106 |     322 |  75.2 |      14 |       2 |  12.5
        D:5 |     126 |      11 |   8.0 |       3 |       5 |  62.5
      Sewer |       0 |     129 | 100.0 |       0 |      14 | 100.0
            +---------+---------+-------+---------+---------+-------
